 Dungeon Crawl Stone Soup version 0.31-a0-145-g046c7d2549 (webtiles) character file.

Game seed: 4989072946779939957

149 Faragor the Conjurer (level 5, 0/28 HPs)
             Began as a Deep Elf Conjurer on June 5, 2023.
             Slain by a gnoll
             ... wielding a +0 halberd
              (11 damage)
             ... on level 3 of the Dungeon.
             The game lasted 00:12:33 (4611 turns).

Faragor the Conjurer (Deep Elf Conjurer)            Turns: 4611, Time: 00:12:33

Health: 0/28       AC:  2    Str:  4    XL:     5   Next: 9%
Magic:  9/14       EV: 12    Int: 25    God:
Gold:   144        SH:  0    Dex: 13    Spells: 10/13 levels left

rFire   . . .        n - staff of conjuration
rCold   . . .        (no shield)
rNeg    . . .        a - +0 robe
rPois   .            (no helmet)
rElec   .            (no cloak)
rCorr   .            (no gloves)
SInv    .            (no boots)
Will    .....        (no amulet)
Stlth   +++          (no ring)
HPRegen 0.24/turn    (no ring)
MPRegen 0.14/turn

%: no passive effects
@: lethally poisoned (0 -> -4)
A: no striking features
a: no special abilities


You were on level 3 of the Dungeon.
You visited 1 branch of the dungeon, and saw 3 of its levels.

You collected 144 gold pieces.

Inventory:

Hand Weapons
 g - a +0 mace
Armour
 a - a +0 robe (worn)
Magical Staves
 n - a staff of conjuration (weapon)
Jewellery
 f - an amulet of the acrobat
Wands
 p - a wand of paralysis (5)
Scrolls
 c - a scroll of magic mapping {unknown}
 e - a scroll of identify {unknown}
 h - 2 scrolls of teleportation {unknown}
 i - 4 scrolls of amnesia {unknown}
 k - 2 scrolls of vulnerability {unknown}
Potions
 b - a potion of magic
 d - 2 potions of haste {unknown}
 j - 2 potions of brilliance {unknown}
 l - a potion of invisibility {unknown}
 m - 2 potions of heal wounds {unknown}
 o - a potion of berserk rage {unknown}
 q - 3 potions of attraction {unknown}


   Skills:
 - Level 2.8 Dodging
 + Level 4.4 Stealth
 + Level 4.6 Spellcasting
 + Level 5.3 Conjurations


You had 10 spell levels left.
You knew the following spells:

 Your Spells              Type           Power      Damage    Failure   Level
a - Magic Dart            Conj           100%       1d8       1%          1
b - Searing Ray           Conj           96%        2d7       1%          2

Your spell library contained the following spells:

 Spells                   Type           Power      Damage    Failure   Level
 Dazzling Flash           Conj/Hex       56%        N/A       9%          3
 Fulminant Prism          Conj/Hex       14%        3d9       28%         4
 Iskenderun's Mystic Bla  Conj/Tloc      28%        2d7       28%         4


Dungeon Overview and Level Annotations

Branches:
Dungeon (3/15)

Altars:


Message History

Casting: Magic Dart (safe; 1% risk of failure)
Confirm with . or Enter, or press ? or * to list all spells.
Aiming: Magic Dart (safe; 1% risk of failure)
Press: ? - help, Shift-Dir - straight line, f/p - gnoll
Aim: a gnoll, wielding a +0 halberd, wearing the +4 ring mail of the Flute {Slay+3} and quivering poisoned darts (lightly wounded, 100% to hit)
You feel a surge of power!
The magic dart hits the gnoll but does no damage.
The gnoll is lightly wounded.
You feel very sick.
The gnoll throws a poisoned dart.
The poisoned dart closely misses you.
You feel sick.
A bat zombie comes into view.
The bat zombie moves out of view.
You feel sick.
The gnoll throws a poisoned dart.
The poisoned dart hits you.
You are more poisoned.
You feel sick.
The gnoll throws a poisoned dart.
The poisoned dart hits you!
You are more poisoned.
You feel very sick.
You feel very sick.
Casting: Magic Dart (safe; 1% risk of failure)
Confirm with . or Enter, or press ? or * to list all spells.
Aiming: Magic Dart (safe; 1% risk of failure)
Press: ? - help, Shift-Dir - straight line, f/p - gnoll
Aim: a gnoll, wielding a +0 halberd, wearing the +4 ring mail of the Flute {Slay+3} and quivering poisoned darts (lightly wounded, 100% to hit)
You feel a surge of power!
The magic dart hits the gnoll but does no damage.
The gnoll is lightly wounded.
You feel sick.
You feel sick.
Casting: Magic Dart (safe; 1% risk of failure)
Confirm with . or Enter, or press ? or * to list all spells.
Aiming: Searing Ray (safe; 1% risk of failure)
Press: ? - help, Shift-Dir - straight line, f/p - gnoll
Aim: a gnoll, wielding a +0 halberd, wearing the +4 ring mail of the Flute {Slay+3} and quivering poisoned darts (lightly wounded, 87% to hit)
You feel a surge of power!
The searing ray hits the gnoll.
The gnoll is moderately wounded. (Press . to maintain the ray.)
You feel sick.
The gnoll hits you from afar with a +0 halberd!
You die...

######
#....#########
#....@.g.....#
#....#####'''#
#....# ..# ###
#..<.# . ..
###.## . #.#
###.# #...# #
##.#.##


You could see a gnoll.

Vanquished Creatures
  4 adders
  2 gnolls (D:3)
  An ufetubus (D:3)
  5 worms
  A dart slug (D:3)
  3 orcs (D:3)
  A bat skeleton (D:3)
  2 bat zombies (D:3)
  7 endoplasms
  3 giant cockroaches
  3 goblins
  6 hobgoblins
  4 jackals
  3 quokkas
  8 ball pythons
  4 bats
  A frilled lizard (D:1)
  3 kobolds
  6 rats
67 creatures vanquished.

Notes
Turn   | Place    | Note
-------+----------+-------------------------------------------
     0 | D:1      | Faragor the Deep Elf Conjurer began the quest for the Orb.
     0 | D:1      | Reached XP level 1. HP: 10/10 MP: 6/6
   220 | D:1      | Reached XP level 2. HP: 15/15 MP: 2/8
  1162 | D:2      | Reached XP level 3. HP: 19/19 MP: 6/10
  1770 | D:2      | Learned a level 2 spell: Searing Ray
  1916 | D:2      | Reached skill level 5 in Conjurations
  1916 | D:2      | Reached XP level 4. HP: 24/24 MP: 8/12
  4321 | D:3      | Reached XP level 5. HP: 28/28 MP: 7/13
  4600 | D:3      | Identified the +4 ring mail of the Flute {Slay+3}
  4611 | D:3      | Slain by a gnoll

Illustrated notes

Levels and vault maps discovered:
D:1:      nzn_arrival_crosshair, layout_rooms, hex_medium
D:2:      layout_rooms, grunt_decor_fettered, nicolae_figureground_pulse
D:3:      layout_rooms, kennysheep_vampire_church, kennysheep_pointless_box,
          small_statue_intersection, kennysheep_crisscross, grunt_ministairs_10,
          nicolae_concentric_dashed_squares_wild

Skill      XL: |  1  2  3  4 |
---------------+-------------+-----
Stealth        | 3 4 |  4.4
Spellcasting   | 4 |  4.6
Conjurations   | 5 |  5.3
Dodging        | |  2.8

Action                     |  1- 3 |  4- 6 || total
---------------------------+-------+-------++-------
  Melee: Unarmed           |     8 |       ||     8
         Mace              |       |     2 ||     2
   Cast: Magic Dart        |    61 |    69 ||   130
         Searing Ray       |     2 |     7 ||     9
 Armour: Robe              |     9 |     2 ||    11
  Dodge: Dodged            |    28 |     7 ||    35

Table legend: (Time is in decaauts)
 A = Elapsed time spent in this place.
 B = Non-inter-level travel time spent in this place.
 C = Inter-level travel time spent in this place.
 D = Time resting spent in this place.
 E = Time spent auto-exploring this place.
 F = Levels seen in this place.
 G = Mean time per level.
                   A        B        C        D        E       F      G
               +--------+--------+--------+--------+--------+-----+--------+
         Total |   4611 |   4542 |     69 |   2614 |   1253 |   3 | 1537.0 |
       Dungeon |   4611 |   4542 |     69 |   2614 |   1253 |   3 | 1537.0 |
               +--------+--------+--------+--------+--------+-----+--------+

Top non-repeatable levels by time:
     D:3: 1963 daAuts
     D:2: 1705 daAuts
     D:1: 943 daAuts
